woodfighter, chaotic female orcish Cavewoman -------------- ----- ----- |............| #.[}..# |*..| |............| #|[}}|# |...| |{...........| #|.`}|# |`..%###### ------------- ##.............| #-.---# |.I>| # --..........<-- # -------------- # # |..`| ###|.....---......###### ### # ### -|--- #......| |.....| # # # # |.....---..{...##%## ### # ### # --...........-- # # # # # ------------- ### --.- --.--- ###------ # # ---..--- |....| #.....| # ##-.......##########|....| |..{.| --|--- |......| #.....| #-...+| |..%.| |......| |....| |....| |[)[[| |......| |...[| ------ |[[)[| -------- ------ |[[[[| ------ woodfighter the Cave Woman Experience level: 10 Strength: 18/05 Dexterity: 17 Constitution: 18 Intelligence: 9 Wisdom: 9 Charisma: 7 Health: 0(83) Energy: 34(34) Def: 11 Gold: 239 Moves: 18371 Dungeon seed: JqbdXbwgxPud0fUA Game ID: woodfighter_1486133141 Your Inventory: Coins $ - 239 gold pieces Amulets O - an uncursed amulet of reflection (being worn) Weapons a - a blessed +0 dwarvish spear (weapon in hand) b - a +2 sling (alternate weapon; not wielded) Q - 3 +0 elven spears Armor d - an uncursed +0 elven shield (being worn) n - an uncursed +0 Hawaiian shirt (being worn) q - an uncursed +0 orcish helm (being worn) r - an uncursed +0 pair of jumping boots (being worn) v - a blessed +0 dwarvish mithril-coat (being worn) N - an uncursed +0 cloak of magic resistance (being worn) R - an uncursed +0 mummy wrapping X - an uncursed +1 pair of gauntlets of fumbling Comestibles o - 3 uncursed sprigs of wolfsbane E - 8 uncursed lumps of royal jelly L - an uncursed fortune cookie T - an uncursed partly eaten mango U - an uncursed lembas wafer Z - an uncursed lizard corpse Wands p - a wand of lightning (0:4) B - a wand of digging (0:1) I - a blessed wand of digging (0:7) M - a wand of striking (0:6) Tools s - an uncursed sack y - an uncursed skeleton key z - an uncursed blindfold Gems t - 7 uncursed flints (in quiver) G - an uncursed luckstone Contents of the sack: 1964 gold pieces an uncursed egg an uncursed lizard corpse a [blessed] scroll of confuse monster a [uncursed] scroll of earth a [uncursed] scroll of enchant armor a [uncursed] scroll of fire a [uncursed] scroll of identify a [cursed] scroll of teleportation a [uncursed] scroll of water a [uncursed] potion of confusion a [cursed] potion of gain ability a [uncursed] potion of healing a [cursed] potion of oil a [uncursed] potion of oil a [uncursed] potion of see invisible a [uncursed] potion of sleeping a [uncursed] potion of speed a [uncursed] ring of fire resistance a [uncursed] [+1] ring of increase damage a [uncursed] ring of levitation an uncursed [+0] pick-axe Spells and supernatural/magical abilities: Name Level Category Fail Memory W - pray for help -- divine ? -- Y - supernatural jump -- ability ? -- Your skills at the end: Miscellaneous Skills bare handed combat [Basic] shield [Basic] stealth [Basic] Weapon Skills scimitar [Basic] club [Basic] spear [Skilled] sling [Basic] Spellcasting Skills Final Attributes: You were piously aligned. You were sleep resistant. You were poison resistant. You were magic-protected. Your writing hand was ok. You saw invisible. You were telepathic. You had infravision. You were invisible to others. You were somewhat stealthy. You could jump. You were fast. You had reflection. You were lucky. You had extra luck. Bad luck did not time out for you. Good luck did not time out for you. You are dead. Vanquished creatures: a young blue dragon a vampire lord a vampire 6 ghosts 3 queen bees 2 giant mimics a large mimic a long worm 2 stalkers 3 elf-lords a giant zombie 2 wargs 2 winter wolves a quantum mechanic 2 small mimics 2 xans 3 ettin mummies a sasquatch 2 flaming spheres a shocking sphere a gargoyle 2 dwarf kings a tengu a gelatinous cube 2 crocodiles 2 chameleons an energy vortex a mountain centaur a giant 2 elf mummies a human mummy a Grey-elf a python 16 wraiths an ettin zombie a soldier 2 succubi 2 giant beetles 2 cockatrices a wolf a winter wolf cub a black light a lynx 8 gremlins a leprechaun 2 lizards 3 giant spiders an iron piercer a forest centaur 2 gnome kings an orc mummy 3 brown puddings 2 Green-elves 5 owlbears 3 yetis a werewolf a piranha a dog 2 dingos a housecat 2 dwarf lords 2 blue jellies a dust vortex a raven a plains centaur 8 Woodland-elves 3 snakes 6 human zombies a soldier ant a yellow light an imp 3 baby crocodiles 2 rock moles a rock piercer 2 ponies 2 fog clouds a violet fungus 21 gnome lords 4 gnomish wizards 2 kobold mummies 4 red naga hatchlings a golden naga hatchling a guardian naga hatchling a barrow wight 4 elf zombies 5 ghouls 3 straw golems 11 giant ants 5 floating eyes a kitten 16 dwarves a homunculus 3 kobold lords a kobold shaman 5 iguanas 7 hill orcs 4 rothes a centipede 4 jitterbugs 3 giant bats a monkey 7 orc zombies 8 dwarf zombies 63 killer bees 2 coyotes 3 gas spores 4 hobbits 2 acid blobs 2 large kobolds 2 geckos 2 hobgoblins a giant rat 8 cave spiders a brown mold a yellow mold 4 green molds 4 red molds 60 gnomes 5 manes 5 gnome zombies 19 jackals a fox 3 kobolds 11 newts 6 goblins 10 sewer rats 13 grid bugs 13 bats 7 lichens 10 kobold zombies 545 creatures vanquished. Voluntary challenges: You were not displaced. You had been an atheist until turn 2919. You used a wielded weapon 1189 times, starting on turn 23. You did not apply a unicorn horn. You did not use plumbed fixtures. You did not drink any magical draughts. You read items or engraved 5 times, starting on turn 2917. You never genocided any monsters. You never polymorphed an object. You never changed form. You completed Sokoban on turn 5937, according to the rules. You used no wishes. You split 2 puddings, starting on turn 15038. You never wrote Elbereth's name. You never violated your personal moral code. Dungeon overview: The Dungeons of Doom: levels 1 to 18 Level 1 a fountain a long staircase Level 2 a scroll shop Level 3 Level 4 stairs to The Gnomish Mines Level 5 (oracle) many fountains Level 6 some fountains stairs to Sokoban Level 7 Level 8 a fountain Level 9 Level 10 Level 11 a fountain Level 12 Level 13 (vault) Level 14 (vault) Level 15 Level 16 <- You were here an armor shop, many fountains Level 17 (rogue) Level 18 The Gnomish Mines: levels 5 to 13 Level 5 stairs to The Dungeons of Doom Level 6 Level 7 Level 8 many shops, a temple to Anu, a magic chest, some fountains Level 9 ( ) Level 10 Level 11 Level 12 Level 13 a magic chest, some fountains Sokoban: levels 2 to 5 Level 2 a magic chest Level 3 Level 4 Level 5 an altar to Anshar, a magic chest stairs to The Dungeons of Doom History has recorded: On T:1 you entered the Dungeons of Doom to retrieve the Amulet of Yendor! On T:22 you reached level 2 of The Dungeons of Doom. On T:871 you reached level 3 of The Dungeons of Doom. On T:1086 you advanced to experience level 2. On T:1170 you advanced to experience level 3. On T:1450 you reached level 4 of The Dungeons of Doom. On T:1762 you reached level 1 of The Gnomish Mines. On T:1764 you reached level 2 of The Gnomish Mines. On T:1861 you advanced to experience level 4. On T:1994 you reached level 5 of The Dungeons of Doom. On T:2271 you advanced to experience level 5. On T:2355 you reached level 6 of The Dungeons of Doom. On T:2756 you reached level 7 of The Dungeons of Doom. On T:2785 you reached level 4 of Sokoban. On T:2858 you opened a magic chest. On T:3358 you reached level 3 of Sokoban. On T:3683 you advanced to experience level 6. On T:3964 you reached level 2 of Sokoban. On T:4873 you reached level 1 of Sokoban. On T:4914 you prayed to Anshar. On T:5875 you advanced to experience level 7. On T:5937 you advanced to experience level 8. On T:5937 you entered the Sokoban zoo. On T:6454 you prayed to Anshar. On T:7414 you prayed to Anshar. On T:7462 you reached level 3 of The Gnomish Mines. On T:7738 you reached level 4 of The Gnomish Mines. On T:7971 you entered the Minetown temple On T:8311 you reached level 5 of The Gnomish Mines. On T:8772 you advanced to experience level 9. On T:9323 you prayed to Anshar. On T:9440 you reached level 6 of The Gnomish Mines. On T:9721 you reached level 7 of The Gnomish Mines. On T:10446 you prayed to Anshar. On T:10540 you reached level 8 of The Gnomish Mines. On T:11004 you reached level 9 of The Gnomish Mines. On T:11004 you reached the bottom of the Mines. On T:11237 you prayed to Anshar. On T:11977 you advanced to experience level 10. On T:13339 you reached level 8 of The Dungeons of Doom. On T:13691 you reached level 9 of The Dungeons of Doom. On T:14001 you reached level 10 of The Dungeons of Doom. On T:14343 you reached level 11 of The Dungeons of Doom. On T:14670 you reached level 12 of The Dungeons of Doom. On T:15273 you reached level 13 of The Dungeons of Doom. On T:15434 you prayed to Anshar. On T:16138 you prayed to Anshar. On T:16393 you reached level 14 of The Dungeons of Doom. On T:16609 you reached level 15 of The Dungeons of Doom. On T:16985 you reached level 16 of The Dungeons of Doom. On T:17710 you reached level 17 of The Dungeons of Doom. On T:17710 you entered the Rogue tribute level. On T:17823 you reached level 18 of The Dungeons of Doom. On T:17916 you prayed to Anshar. Score breakdown: Gold: 2203 ( 220 points) Experience: 10 levels ( 900 points) Exploration: 18 levels ( 510 points) Discoveries: 50 items ( 2000 points) Variety of kills: 130 monsters ( 2000 points) Major goal: Sokoban/Mines ( 1500 points) Survival: died (score multiplied by 3) Total score: 21390 Latest messages: You jab the giant beetle. You jab the giant beetle! (2x) The giant beetle bites! You kill the giant beetle! There is a doorway here. You see here a giant beetle corpse. You named this level: rogue. The elf-lord just misses! The elf-lord punches you! You jab the elf-lord. The elf-lord punches you! (2x) You jab the elf-lord! (2x) The elf-lord punches you! (2x) You jab the elf-lord. The giant zombie bumps right into you! The elf-lord punches you! (2x) You jab the elf-lord! The giant zombie scratches you! (2x) The elf-lord punches you! (2x) You are beginning to feel weak. You jab the giant zombie! The giant zombie bumps right into you! Blecch! Rotten food! The world spins and goes dark. Something scratches you! (2x) You die... Final status: Goodbye woodfighter the Cavewoman, killed by a giant zombie, while unconscious from rotten food... You died in The Dungeons of Doom on dungeon level 16 with 21390 points, and 2203 pieces of gold, after 18371 moves. You were level 10 with a maximum of 83 hit points when you died.